 Dungeon Crawl Stone Soup version 0.22-a0-126-g307c7c3 (webtiles) character file.

901 kuniqs the Caller (level 8, -4/51 HPs)
             Began as a Gnoll Summoner on Jan 30, 2018.
             Was an Initiate of Hepliaklqana.
             Slain by a tentacled starspawn (5 damage)
             ... on level 2 of the Abyss.
             The game lasted 00:12:14 (4088 turns).

kuniqs the Caller (Gnoll Summoner)                  Turns: 4088, Time: 00:12:15

Health: -4/51      AC:  3    Str: 10    XL:     8   Next: 7%
Magic:  14/16      EV: 15    Int: 19    God:    Hepliaklqana [......]
Gold:   153        SH:  0    Dex: 17    Spells: 4/18 levels left

rFire    . . .     SeeInvis .   d - +0 short sword
rCold    . . .     Gourm    .   (no shield)
rNeg     . . .     Faith    .   a - +0 robe
rPois    .         Spirit   .   (no helmet)
rElec    .         Reflect  .   (no cloak)
rCorr    .         Harm     .   (no gloves)
MR       .....                  f - +0 pair of boots
Stlth    +++.......             (no amulet)
HPRegen  0.17/turn              (no ring)
MPRegen  0.15/turn              (no ring)

@: about to teleport
A: distributed training, reduced essence, fangs 1, strong nose
a: Recall Ancestor, Ancestor Identity, Renounce Religion


You were on level 2 of the Abyss.
You worshipped Hepliaklqana.
Hepliaklqana was noncommittal.
You were hungry.

You visited 2 branches of the dungeon, and saw 6 of its levels.
You visited the Abyss 1 time.
You also visited: Sewer and Ossuary.

You collected 153 gold pieces.

Inventory:

Hand Weapons
 d - a +0 short sword (weapon)
Missiles
 e - 110 stones (quivered)
Armour
 a - a +0 robe (worn)
 f - a +0 pair of boots (worn)
Scrolls
 h - 6 scrolls of teleportation
 i - 3 scrolls of remove curse {unknown}
 l - 2 scrolls of blinking {unknown}
 m - a scroll of fear {unknown}
 q - a scroll of fog {unknown}
 s - a scroll of enchant weapon {unknown}
 w - 3 scrolls of identify {unknown}
Potions
 g - 4 potions of curing {unknown}
 j - a potion of magic {unknown}
 k - 5 potions of heal wounds {unknown}
 n - 4 potions of haste {unknown}
 o - 2 potions of flight {unknown}
 p - a potion of cancellation {unknown}
 r - a potion of lignification {unknown}
 t - a potion of agility
 u - 2 potions of might {unknown}
 v - 3 potions of brilliance {unknown}
 x - a potion of degeneration {unknown}
Books
 b - a book of Callings

   Spells                             Type                      Level
   a - Summon Small Mammal            Summoning                    1
   b - Call Imp                       Summoning                    2
   c - Call Canine Familiar           Summoning                    3
   d - Summon Guardian Golem          Hexes/Summoning              3
   e - Summon Lightning Spire         Summoning/Air                4
   f - Summon Ice Beast               Ice/Summoning                4
Comestibles
 c - 6 rations


   Skills:
 + Level 2.8 Fighting
 + Level 2.8 Short Blades
 + Level 2.8 Long Blades
 + Level 2.8 Axes
 + Level 2.8 Maces & Flails
 + Level 2.8 Polearms
 + Level 2.8 Staves
 + Level 2.8 Slings
 + Level 2.8 Bows
 + Level 2.8 Crossbows
 + Level 2.8 Throwing
 + Level 2.8 Armour
 + Level 5.4 Dodging
 + Level 5.1 Stealth
 + Level 2.8 Shields
 + Level 2.8 Unarmed Combat
 + Level 5.8 Spellcasting
 + Level 2.3 Conjurations
 + Level 2.3 Hexes
 + Level 2.3 Charms
 + Level 7.5 Summonings
 + Level 2.3 Necromancy
 + Level 2.3 Translocations
 + Level 2.3 Transmutations
 + Level 2.3 Fire Magic
 + Level 2.3 Ice Magic
 + Level 2.3 Air Magic
 + Level 2.3 Earth Magic
 + Level 2.3 Poison Magic
 + Level 3.1 Invocations
 + Level 2.8 Evocations


You had 4 spell levels left.
You knew the following spells:

 Your Spells              Type           Power        Failure   Level  Hunger
a - Summon Small Mammal   Summ           ####         1%          1    None
b - Call Imp              Summ           ####....     1%          2    None
c - Call Canine Familiar  Summ           ####....     1%          3    ##.....
d - Summon Ice Beast      Ice/Summ       ###.....     14%         4    ####...
e - Summon Lightning Spi  Summ/Air       ###.....     14%         4    ####...


Dungeon Overview and Level Annotations

Branches:
Dungeon (5/15)             Temple (1/1) D:4

Altars:
Ashenzari
Cheibriados
Dithmenos
Elyvilon
Fedhas
Gozag
Hepliaklqana
Makhleb
Nemelex Xobeh
Okawaru
Qazlal
Ru
Sif Muna
Trog
Uskayaw
Vehumet
Wu Jian
Xom
Yredelemnul
Zin
The Shining One


Innate Abilities, Weirdness & Mutations

Your experience applies equally to all skills.
You have very sharp teeth.
Your uncanny sense of smell can sniff out nearby items.
Your life essence is reduced to manifest your ancestor. (-10% HP)


Message History

As you read the scroll labeled HEUHE LESYOCZE, it crumbles to dust.
You feel strangely unstable.
You feel the power of the Abyss delaying your translocation!
It was a scroll of teleportation.
You are feeling hungry.
Something closely misses your hound. Something engulfs your hound!!
Your hound dies!
Your hound's corpse disappears in a puff of smoke!
The tentacled starspawn misses you.
The tentacled starspawn completely misses you.
You hit the tentacled starspawn but do no damage.
The tentacled starspawn barely misses you.
The tentacled starspawn engulfs you!
A beastly little devil appears in a puff of frigid air.
Unknown command.
The tentacled starspawn bites you!!
Ouch! That really hurt!
* * * LOW HITPOINT WARNING * * *
The tentacled starspawn engulfs you.
You die...

#. .. . ## #..
....### #
##.#. ###≈. ≈≈
.#≈## ≈ ≈#..#
.##≈ .≈ . . .
#≈≈. ≈ ..#
.#.#. ..#####
.##.#w.Λ#
.w#### #.
#X#w# #.#@#
.#.# hw#.#X##
...#..###X#5##
#....### ##.##
##.#. ### ...
#.##.


You could see a tentacled starspawn and a friendly white imp.

Vanquished Creatures
  A scorpion (D:5)
  A crimson imp (D:5)
  A hound (D:4)
  2 worker ants (D:4)
  A howler monkey skeleton (D:4)
  An ooze (Sewer)
  A dart slug (D:1)
  2 leopard geckos (D:4)
  2 orcs
  A giant cockroach (Sewer)
  4 goblins
  3 hobgoblins (D:1)
  A jackal (D:3)
  8 kobolds
  A quokka (D:5)
  2 ball pythons
  6 bats
  7 frilled lizards
  8 rats
53 creatures vanquished.

Vanquished Creatures (collateral kills)
  Sigmund (D:3)
  The ghost of Multipenetrator the Caller, an amateur TeSu (D:3)
  A phantom (D:5)
  3 ogres
  2 big kobolds (Sewer)
  2 scorpions
  A howler monkey (D:5)
  A hound (D:5)
  2 orc wizards
  An iguana (D:4)
  Terence (D:3)
  Jessica (D:3)
  A worker ant (D:5)
  5 gnolls
  3 adders
  A howler monkey skeleton (D:5)
  An ooze (D:2)
  2 worms (D:2)
  A dart slug (D:2)
  A leopard gecko (D:4)
  5 orcs
  A ball python (Sewer)
  6 goblins
  3 hobgoblins
  4 jackals (D:3)
  A bat (D:2)
  2 frilled lizards
  11 kobolds
  7 rats
72 creatures vanquished.

Vanquished Creatures (others)
  4 starspawn tentacles (Abyss:2)
4 creatures vanquished.

Grand Total: 129 creatures vanquished

Notes
Turn   | Place    | Note
-------+----------+-------------------------------------------
     0 | D:1      | kuniqs the Gnoll Summoner began the quest for the Orb.
     0 | D:1      | Reached XP level 1. HP: 13/13 MP: 6/6
   194 | D:1      | Reached XP level 2. HP: 17/19 MP: 4/7
   199 | D:1      | Learned a level 2 spell: Call Imp
   487 | D:1      | Reached XP level 3. HP: 17/25 MP: 6/9
   506 | D:1      | Reached skill level 5 in Spellcasting
   511 | D:1      | Learned a level 3 spell: Call Canine Familiar
   807 | D:2      | Found a glowing golden altar of the Shining One.
   834 | D:2      | Reached skill level 1 in Invocations
  1088 | D:2      | Reached skill level 1 in Fighting
  1088 | D:2      | Reached skill level 1 in Short Blades
  1088 | D:2      | Reached skill level 1 in Long Blades
  1088 | D:2      | Reached skill level 1 in Axes
  1088 | D:2      | Reached skill level 1 in Maces & Flails
  1088 | D:2      | Reached skill level 1 in Polearms
  1088 | D:2      | Reached skill level 1 in Staves
  1088 | D:2      | Reached skill level 1 in Slings
  1088 | D:2      | Reached skill level 1 in Bows
  1088 | D:2      | Reached skill level 1 in Crossbows
  1088 | D:2      | Reached skill level 1 in Throwing
  1088 | D:2      | Reached skill level 1 in Armour
  1088 | D:2      | Reached skill level 1 in Shields
  1088 | D:2      | Reached skill level 1 in Unarmed Combat
  1088 | D:2      | Reached skill level 1 in Evocations
  1130 | D:2      | Reached XP level 4. HP: 28/32 MP: 11/11
  1522 | D:3      | Noticed Jessica
  1527 | D:3      | Killed Jessica
  1601 | D:3      | Noticed Multipenetrator's ghost (amateur TeSu)
  1614 | D:3      | Killed Multipenetrator's ghost
  1614 | D:3      | Reached skill level 1 in Conjurations
  1614 | D:3      | Reached skill level 1 in Hexes
  1614 | D:3      | Reached skill level 1 in Charms
  1614 | D:3      | Reached skill level 1 in Necromancy
  1614 | D:3      | Reached skill level 1 in Translocations
  1614 | D:3      | Reached skill level 1 in Transmutations
  1614 | D:3      | Reached skill level 1 in Fire Magic
  1614 | D:3      | Reached skill level 1 in Ice Magic
  1614 | D:3      | Reached skill level 1 in Air Magic
  1614 | D:3      | Reached skill level 1 in Earth Magic
  1614 | D:3      | Reached skill level 1 in Poison Magic
  1614 | D:3      | Reached XP level 5. HP: 22/37 MP: 12/12
  1630 | D:3      | Learned a level 4 spell: Summon Ice Beast
  1635 | D:3      | Learned a level 4 spell: Summon Lightning Spire
  1737 | D:3      | Noticed Sigmund
  1737 | D:3      | Noticed an ogre
  1748 | D:3      | Killed an ogre
  1837 | D:3      | Killed Sigmund
  1837 | D:3      | Reached XP level 6. HP: 44/44 MP: 2/13
  1900 | D:3      | Noticed Terence
  1918 | D:3      | Killed Terence
  2009 | D:3      | Found a shadowy altar of Dithmenos.
  2289 | D:4      | Reached skill level 5 in Dodging
  2293 | D:4      | Found a glowing drain.
  2320 | Sewer    | Entered a sewer
  2436 | Sewer    | HP: 2/44 [kobold (1)]
  2778 | Sewer    | Reached XP level 7. HP: 46/50 MP: 12/15
  2857 | D:4      | Found a blossoming altar of Fedhas.
  3213 | D:4      | Found a staircase to the Ecumenical Temple.
  3576 | D:5      | Entered Level 5 of the Dungeon
  3710 | D:5      | Reached skill level 5 in Stealth
  3752 | Temple   | Entered the Ecumenical Temple
  3844 | Temple   | Became a worshipper of Hepliaklqana the Forgotten
  3955 | D:5      | Reached XP level 8. HP: 38/51 MP: 9/16
  4030 | D:5      | Found a sand-covered staircase.
  4036 | Ossuary  | Entered an ossuary
  4040 | Ossuary  | Cast into level 2 of the Abyss (a distortion unwield)
  4063 | Abyss:2  | Noticed a tentacled starspawn
  4088 | Abyss:2  | HP: 1/51 [tentacled starspawn (34)]
  4088 | Abyss:2  | Slain by a tentacled starspawn

Vault maps used:
D:1:      dpeg_arrival_three_same_balls
D:2:      first_ration, tso_metal_star
D:3:      hex_intersection, nicolae_dithmenos_through_a_glass_darkly,
          uniq_jessica, uniq_terence, uniq_sigmund
D:4:      minmay_temple_entry_from_below_a, portal_sewer_entry_f, minivault_19,
          fedhas_altar_3
D:5:      nicolae_ossuary_entry_ruins
Temple:   kilobyte_greek_temple
Abyss:2:  due_exit_kobolds
Sewer:    kennysheep_pipe_town
Ossuary:  ossuary_tomb_3

Skill      XL: |  1  2  3  4  5  6  7 |
---------------+----------------------+-----
Spellcasting   | 5 |  5.8
Invocations    | 1 2 3 |  3.1
Fighting       | 1 2 |  2.8
Short Blades   | 1 2 |  2.8
Long Blades    | 1 2 |  2.8
Axes           | 1 2 |  2.8
Maces & Flails | 1 2 |  2.8
Polearms       | 1 2 |  2.8
Staves         | 1 2 |  2.8
Slings         | 1 2 |  2.8
Bows           | 1 2 |  2.8
Crossbows      | 1 2 |  2.8
Throwing       | 1 2 |  2.8
Armour         | 1 2 |  2.8
Shields        | 1 2 |  2.8
Unarmed Combat | 1 2 |  2.8
Evocations     | 1 2 |  2.8
Conjurations   | 1 2 |  2.3
Hexes          | 1 2 |  2.3
Charms         | 1 2 |  2.3
Necromancy     | 1 2 |  2.3
Translocations | 1 2 |  2.3
Transmutations | 1 2 |  2.3
Fire Magic     | 1 2 |  2.3
Ice Magic      | 1 2 |  2.3
Air Magic      | 1 2 |  2.3
Earth Magic    | 1 2 |  2.3
Poison Magic   | 1 2 |  2.3
Dodging        | 5 |  5.4
Stealth        | 5 |  5.1
Summonings     | |  7.5

Action                   |  1- 3 |  4- 6 |  7- 9 || total
-------------------------+-------+-------+-------++-------
Melee: Short sword       |    88 |    85 |    68 ||   241
       Bite              |     9 |     5 |     8 ||    22
       Punch             |       |     1 |       ||     1
 Cast: Summon Small Mamm |     8 |       |       ||     8
       Call Imp          |     5 |    18 |     8 ||    31
       Call Canine Famil |     3 |    14 |     7 ||    24
  Use: Scroll            |       |       |     1 ||     1
 Stab: Sleeping          |     7 |     1 |     2 ||    10
       Distracted        |     1 |       |     2 ||     3
  Eat: Chunk             |     1 |     6 |     4 ||    11
Armor: Robe              |    19 |    27 |     9 ||    55
Dodge: Dodged            |    55 |    89 |    54 ||   198

Table legend:
 A = Spawn XP
 B = Non-spawn XP
 C = Spawn XP percentage of total XP
 D = Spawn monster count
 E = Non-spawn monster count
 F = Spawn count percentage of total count
 G = Total turns spent on level
                    A         B        C        D         E        F      G
               +---------+---------+-------+---------+---------+-------+---------
         Total |       0 |    1288 |   0.0 |       0 |     125 |   0.0 |  4088
               +---------+---------+-------+---------+---------+-------+---------
           D:1 |       0 |      50 |   0.0 |       0 |      29 |   0.0 |   760
           D:2 |       0 |      44 |   0.0 |       0 |      23 |   0.0 |   764
           D:3 |       0 |     323 |   0.0 |       0 |      18 |   0.0 |   740
           D:4 |       0 |     180 |   0.0 |       0 |      12 |   0.0 |   800
           D:5 |       0 |     506 |   0.0 |       0 |      19 |   0.0 |   313
         Sewer |       0 |     185 |   0.0 |       0 |      24 |   0.0 |   524
               +---------+---------+-------+---------+---------+-------+---------
